[Event "Titled Tuesday Blitz January 31 Late 2023"]
[White "Kaplan, Avi Harrison"]
[Black "Andreassen, Lars"]
[WhiteFideId "30934559"]
[BlackFideId "1504878"]
[WhiteElo "2146"]
[BlackElo "2168"]
[Result "1/2-1/2"]
[Round "02"]
[TimeControl "180+2"]
[Date "2023.01.31"]
[WhiteClock "0:00:03"]
[BlackClock "0:00:09"]

1. c4 e6 2. Nc3 d5 3. d4 c5 4. cxd5 cxd4 5. Qa4+ Bd7 6. Qxd4 exd5 7. Qxd5 Nc6 8. Nf3 Nf6 9. Qd1 Bc5 10. e3 Qe7 11. Be2 Rg8 12. a3 g5 13. O-O g4 14. Nd4 O-O-O 15. Qc2 Bxd4 16. exd4 Nxd4 17. Nd5+ Nxc2 18. Nxe7+ Kb8 19. Bf4+ Ka8 20. Rac1 Nd4 21. Bc4 Rgf8 22. Rfe1 Nc6 23. Nd5 Nxd5 24. Bxd5 f5 25. b4 a6 26. f3 gxf3 27. Bxf3 Nd4 28. Bxb7+ Kxb7 29. Rc7+ Kb6 30. Re7 Bc6 31. Be3 f4 32. Bf2 Kb5 33. Re5+ Kb6 34. Rxh7 Rg8 35. g3 fxg3 36. hxg3 Rxg3+ 37. Bxg3 Nf3+ 38. Kf1 Nxe5 39. Bxe5 Rd3 40. a4 Bxa4 41. Rh6+ Bc6 42. Ke2 Rb3 43. Bd6 Kb5 44. Bc5 Rb2+ 45. Kd3 Rb3+ 46. Kc2 Rg3 47. Kb2 Rg2+ 48. Ka3 Rg3+ 49. Kb2 Rg2+ 50. Kc3 Rg3+ 51. Kd2 Rg2+ 52. Ke3 Rg3+ 53. Kf2 Rc3 54. Rh8 Rc2+ 55. Ke3 Kc4 56. Rh4+ Kb5 57. Rh8 Kc4 58. Rc8 Kb5 59. Kd3 Rg2 60. Rb8+ Ka4 61. Kc3 Bb5 62. Kd4 Rg4+ 63. Ke3 Rg3+ 64. Kf2 Rb3 65. Rh8 Rb2+ 66. Ke3 Rb3+ 67. Kd4 Rb2 68. Rh1 Ra2 69. Rb1 Rd2+ 70. Kc3 Rd3+ 71. Kc2 Rg3 72. Ra1+ Ra3 73. Re1 Ra2+ 74. Kc3 Ra3+ 75. Kb2 Rb3+ 76. Kc2 Ra3 77. Re6 Ra2+ 78. Kb1 Ra3 79. Rh6 Bd3+ 80. Kc1 Bb5 81. Kd2 Ra2+ 82. Ke3 Ra3+ 83. Kd4 Rd3+ 84. Ke5 Ra3 85. Rh1 Ra2 86. Kd6 Kb3 87. Kc7 Ka4 88. Kb6 Rg2 89. Ra1+ Kb3 90. Ka5 Ra2+ 1/2-1/2


[Site "https://www.chess.com"]

[Event "Titled Tuesday Blitz January 31 Late 2023"]
[White "Tarnowska, Aleksandra"]
[Black "Estrada Nieto, Julian"]
[WhiteFideId "1180967"]
[BlackFideId "5101018"]
[WhiteElo "1835"]
[BlackElo "2215"]
[Result "0-1"]
[Round "02"]
[TimeControl "180+2"]
[Date "2023.01.31"]
[WhiteClock "0:00:05"]
[BlackClock "0:00:58"]

1. e4 e5 2. Nf3 Nc6 3. Bb5 a6 4. Ba4 Nf6 5. O-O Be7 6. Re1 b5 7. Bb3 d6 8. h3 Na5 9. c3 Nxb3 10. Qxb3 O-O 11. d4 Be6 12. d5 Bd7 13. Nbd2 Nh5 14. Nf1 g6 15. Bh6 Ng7 16. Ng3 Kh8 17. c4 f5 18. cxb5 axb5 19. exf5 gxf5 20. Rac1 Bf6 21. a3 e4 22. Nd2 Be5 23. Qc2 Rc8 24. f4 Bd4+ 25. Kh2 Qh4 26. Bxg7+ Kxg7 27. Ndf1 Kh8 28. Qd2 Bf6 29. Qe2 Be8 30. Rc2 Rg8 31. Rec1 Qxf4 32. Rxc7 Rxc7 33. Rxc7 Bh4 34. Qe3 Qxe3 35. Nxe3 Bxg3+ 36. Kh1 Bg6 37. Nf1 Be5 38. g4 f4 39. Kg2 e3 40. Kf3 Bd3 41. Rb7 Bxf1 42. Rxb5 e2 43. Kf2 Bd4+ 44. Ke1 f3 45. Rb7 f2+ 46. Kd2 e1=Q+ 0-1


[Site "https://www.chess.com"]

[Event "Titled Tuesday Blitz January 31 Late 2023"]
[White "Antonio, Jorge Carlos"]
[Black "Davidson, Kevin"]
[WhiteFideId "113190"]
[BlackFideId "2056810"]
[WhiteElo "2277"]
[BlackElo "2154"]
[Result "0-1"]
[Round "02"]
[TimeControl "180+2"]
[Date "2023.01.31"]
[WhiteClock "0:00:10"]
[BlackClock "0:00:05"]

1. d4 Nf6 2. Nf3 g6 3. c4 Bg7 4. Nc3 d6 5. e4 O-O 6. Be2 e5 7. O-O Nc6 8. d5 Ne7 9. Ne1 Nd7 10. Be3 f5 11. f3 f4 12. Bf2 g5 13. Rc1 Ng6 14. c5 Nxc5 15. b4 Na6 16. a3 h5 17. Qc2 Rf7 18. Nb5 b6 19. Qc6 Bd7 20. Qb7 Qc8 21. Qxc8+ Bxc8 22. Rc2 Kf8 23. Nd3 Ke8 24. Rfc1 Kd8 25. Nb2 g4 26. Kf1 Bf6 27. Nc4 Be7 28. Nb2 Bh4 29. Bxh4+ Nxh4 30. Nc4 Rf6 31. Nd2 gxf3 32. gxf3 Rf7 33. Kf2 Rg7 34. Nb3 Rg2+ 35. Kf1 Bh3 36. Ke1 Rxh2 37. Nxc7 Rh1+ 38. Kd2 Rxc1 39. Nxa8 Rxc2+ 40. Kxc2 Bg2 41. Bxa6 Nxf3 42. Bd3 h4 43. Kd1 h3 44. Nd2 Nxd2 45. Kxd2 h2 46. Bb5 h1=Q 47. Bc6 Bxe4 48. Kc3 Qf3+ 49. Kc4 Qd3# 0-1


[Site "https://www.chess.com"]

[Event "Titled Tuesday Blitz January 31 Late 2023"]
[White "Baches Garcia, Guillermo"]
[Black "Gutkin, Ilya"]
[WhiteFideId "2209764"]
[BlackFideId "16203470"]
[WhiteElo "2327"]
[BlackElo "2273"]
[Result "0-1"]
[Round "02"]
[TimeControl "180+2"]
[Date "2023.01.31"]
[WhiteClock "0:01:25"]
[BlackClock "0:01:33"]

1. e4 c5 2. Nf3 Nc6 3. d4 cxd4 4. Nxd4 g6 5. c4 Bg7 6. Be3 Nf6 7. Nc3 d6 8. f3 O-O 9. Qd2 Nxd4 10. Bxd4 a5 11. h4 h5 12. O-O-O Be6 13. Kb1 a4 14. Be2 Qa5 15. Nd5 Nxd5 16. cxd5 Bd7 17. Bxg7 Qxd2 18. Rxd2 Kxg7 19. Rc1 Rfc8 20. Rdc2 f5 21. Rxc8 Rxc8 22. Rxc8 Bxc8 23. Bb5 a3 24. bxa3 fxe4 25. fxe4 Kf6 26. Kc2 g5 27. hxg5+ Kxg5 28. Be2 h4 29. Kd3 Kf4 30. Kd4 Kg3 0-1


[Site "https://www.chess.com"]

[Event "Titled Tuesday Blitz January 31 Late 2023"]
[White "Slater-Jones, Henry"]
[Black "Cruz, William Ferreira Da"]
[WhiteFideId "3222101"]
[BlackFideId "2118050"]
[WhiteElo "1826"]
[BlackElo "2216"]
[Result "0-1"]
[Round "02"]
[TimeControl "180+2"]
[Date "2023.01.31"]
[WhiteClock "0:00:47"]
[BlackClock "0:00:14"]

1. d4 Nf6 2. c4 g6 3. Nc3 Bg7 4. e4 O-O 5. Be2 d6 6. Be3 Nbd7 7. Nf3 e5 8. O-O Ng4 9. Bg5 f6 10. Bh4 c6 11. d5 Qe7 12. Nd2 Nh6 13. f3 g5 14. Bf2 f5 15. b4 Nf6 16. c5 cxd5 17. cxd6 Qd8 18. exd5 g4 19. Nc4 gxf3 20. Bxf3 e4 21. Be2 f4 22. Bd4 Nf5 23. Be5 f3 24. gxf3 exf3 25. Bxf3 Nd7 26. Bxg7 Nxg7 27. Kh1 Qh4 28. Qd3 Nf5 29. Qe4 Ng3+ 30. Kg2 Nxe4 31. Nxe4 Kh8 32. Rac1 Nf6 33. Ng3 Bh3+ 34. Kg1 Bxf1 35. Nxf1 Ng4 36. Bg2 Qf2+ 37. Kh1 Qf4 38. Rd1 Nf2+ 39. Kg1 Nxd1 0-1


[Site "https://www.chess.com"]

[Event "Titled Tuesday Blitz January 31 Late 2023"]
[White "ritanovikova"]
[Black "Llanos, Guillermo"]
[BlackFideId "100358"]
[WhiteElo "2217"]
[BlackElo "2290"]
[Result "1-0"]
[Round "02"]
[TimeControl "180+2"]
[Date "2023.01.31"]
[WhiteClock "0:00:11"]
[BlackClock "0:00:23"]

1. e4 Nf6 2. e5 Nd5 3. c4 Nb6 4. d4 d6 5. exd6 cxd6 6. Nf3 g6 7. h3 Bg7 8. Nc3 O-O 9. Be3 Nc6 10. Be2 Bf5 11. O-O d5 12. c5 Nc4 13. Bxc4 dxc4 14. d5 Nb4 15. Bd4 Bd3 16. Bxg7 Kxg7 17. Re1 Nc2 18. b3 Nxa1 19. Qxa1 Kg8 20. Ne5 Bf5 21. bxc4 Qa5 22. g4 Bc8 23. c6 f6 24. cxb7 Bxb7 25. Nd7 Rf7 26. Ne4 Rc8 27. g5 Rxc4 28. gxf6 Qxd5 29. fxe7 Qxd7 30. Nf6+ Rxf6 31. e8=Q+ Qxe8 32. Rxe8+ Rf8 33. Rxf8+ Kxf8 34. Qh8+ Kf7 35. Qxh7+ Kf6 36. Qxb7 Kg5 37. Qxa7 Rf4 38. Kg2 Rf5 39. Qe7+ Kh6 40. Qe3+ Kh5 41. a4 g5 42. Qc3 Kg6 43. a5 1-0


[Site "https://www.chess.com"]

[Event "Titled Tuesday Blitz January 31 Late 2023"]
[White "Harish, Neeraj"]
[Black "Aguilar, Juan"]
[WhiteFideId "30958130"]
[BlackFideId "3800091"]
[WhiteElo "2232"]
[BlackElo "2254"]
[Result "0-1"]
[Round "02"]
[TimeControl "180+2"]
[Date "2023.01.31"]
[WhiteClock "0:00:03"]
[BlackClock "0:00:16"]

1. e4 g6 2. d4 Bg7 3. Nc3 d6 4. f4 a6 5. Nf3 b5 6. Bd3 Nd7 7. Ne2 c5 8. c3 Bb7 9. O-O Ngf6 10. e5 Nd5 11. Ng3 O-O 12. Ne4 cxd4 13. cxd4 Qb6 14. Kh1 Rac8 15. Bd2 a5 16. Qe2 b4 17. Rac1 Nb8 18. h3 Rfd8 19. e6 f5 20. Neg5 Nc6 21. Bc4 Nxd4 22. Nxd4 Qxd4 23. Nf3 Qb6 24. Qd3 Nf6 25. Be3 Qc7 26. Bd4 Ne4 27. Ng5 Nxg5 28. fxg5 Qc6 29. Rg1 Qe4 30. Bxg7 Qxd3 31. Bxd3 Kxg7 32. Kh2 Bd5 33. b3 Bxe6 34. Kg3 Bf7 35. Rge1 e5 36. Bc4 d5 37. Bb5 Rxc1 38. Rxc1 d4 39. Rc7 Kf8 40. Kf3 e4+ 41. Ke2 d3+ 42. Kd2 f4 43. Bc4 e3+ 44. Kd1 e2+ 45. Kd2 Bxc4 46. Rxc4 Re8 47. Rxf4+ Kg7 48. Kxd3 e1=Q 0-1


[Site "https://www.chess.com"]

[Event "Titled Tuesday Blitz January 31 Late 2023"]
[White "Bouget, Alexandre"]
[Black "EdmundPlayer"]
[WhiteFideId "681318"]
[WhiteElo "2267"]
[BlackElo "2313"]
[Result "0-1"]
[Round "02"]
[TimeControl "180+2"]
[Date "2023.01.31"]
[WhiteClock "0:00:01"]
[BlackClock "0:00:06"]

1. d4 Nf6 2. c4 g6 3. Nc3 d5 4. Nf3 Bg7 5. h4 c5 6. dxc5 Qa5 7. Bd2 Qxc5 8. cxd5 Nxd5 9. h5 Nxc3 10. bxc3 gxh5 11. Rc1 Nc6 12. Be3 Bxc3+ 13. Bd2 Bxd2+ 14. Qxd2 Qb4 15. Rxh5 Bg4 16. Rd5 Qxd2+ 17. Nxd2 Be6 18. Rb5 O-O-O 19. a4 a6 20. Rb2 Rd4 21. e3 Rxa4 22. Bb5 Ra5 23. Bxc6 bxc6 24. Rxc6+ Kd7 25. Rc3 Rc8 26. Rb7+ Kd8 27. Rxc8+ Bxc8 28. Ra7 Ra1+ 29. Ke2 Bd7 30. Ne4 Bb5+ 31. Kd2 f6 32. Nc5 Ra2+ 33. Kc3 Rxf2 34. g4 Rg2 35. Ne6+ Ke8 36. g5 fxg5 37. Kd4 Kf7 38. Nd8+ Kf6 39. Nb7 h5 40. Nc5 h4 41. e4 h3 42. e5+ Kg6 43. Rxe7 h2 44. Re6+ Kg7 45. Re7+ Kg8 46. Ne6 h1=Q 47. Rg7+ Kh8 48. Rxg5 Qd1+ 49. Kc5 Rxg5 50. Nxg5 Qc2+ 0-1


[Site "https://www.chess.com"]

[Event "Titled Tuesday Blitz January 31 Late 2023"]
[White "Buchenau, Frank"]
[Black "Rocks, Daniel"]
[WhiteFideId "4604350"]
[BlackFideId "2402408"]
[WhiteElo "2222"]
[BlackElo "2008"]
[Result "0-1"]
[Round "02"]
[TimeControl "180+2"]
[Date "2023.01.31"]
[WhiteClock "0:00:19"]
[BlackClock "0:00:18"]

1. e4 c5 2. Nf3 d6 3. Bb5+ Nd7 4. O-O a6 5. Bd3 Qc7 6. Re1 g6 7. c3 Bg7 8. Bf1 b5 9. a4 Rb8 10. axb5 axb5 11. Na3 b4 12. Nb5 Qc6 13. Na7 Qc7 14. d4 bxc3 15. bxc3 Ngf6 16. Nxc8 Rxc8 17. e5 Nd5 18. Bc4 Nxc3 19. Bxf7+ Kxf7 20. Qb3+ c4 21. Qxc3 dxe5 22. dxe5 Nf8 23. Ng5+ Kg8 24. Qf3 e6 25. Ba3 h6 26. Bd6 Qd7 27. Rab1 hxg5 28. Rb7 g4 29. Qf4 Qxb7 30. Qxg4 Qf7 31. Re3 c3 32. Rf3 c2 33. h4 c1=Q+ 34. Kh2 Qh6 35. Rxf7 Qxh4+ 36. Qxh4 Rxh4+ 37. Kg3 Kxf7 38. Kxh4 Nd7 39. g4 Nxe5 0-1


[Site "https://www.chess.com"]

[Event "Titled Tuesday Blitz January 31 Late 2023"]
[White "Almedina Ortiz, Edgardo J."]
[Black "Wartiovaara, Oliver"]
[WhiteFideId "3100197"]
[BlackFideId "513024"]
[WhiteElo "2156"]
[BlackElo "2264"]
[Result "0-1"]
[Round "02"]
[TimeControl "180+2"]
[Date "2023.01.31"]
[WhiteClock "0:00:16"]
[BlackClock "0:01:02"]

1. d4 Nf6 2. c4 c5 3. d5 e6 4. Nc3 exd5 5. cxd5 d6 6. e4 g6 7. h3 Bg7 8. Nf3 O-O 9. Bd3 Re8 10. O-O Nbd7 11. Bf4 Ne5 12. Nxe5 dxe5 13. Be3 b6 14. a3 Bf8 15. Rb1 a5 16. Qe2 Bd7 17. Rfd1 Bd6 18. f3 Nh5 19. Qf2 Qf6 20. Ne2 Nf4 21. Nxf4 exf4 22. Bd2 Be5 23. Kh1 g5 24. b4 cxb4 25. axb4 a4 26. Bc4 b5 27. Ba2 h5 28. Bc1 g4 29. Bb2 g3 30. Bxe5 Qxe5 31. Qb2 Qxb2 32. Rxb2 Rac8 33. Kg1 Rc3 34. Kf1 Kg7 35. Re1 f6 36. Ke2 Rec8 37. Kd2 a3 0-1


[Site "https://www.chess.com"]

[Event "Titled Tuesday Blitz January 31 Late 2023"]
[White "SilverCityIndigo"]
[Black "Curtis, John"]
[BlackFideId "3200256"]
[WhiteElo "2443"]
[BlackElo "2292"]
[Result "1/2-1/2"]
[Round "02"]
[TimeControl "180+2"]
[Date "2023.01.31"]
[WhiteClock "0:00:08"]
[BlackClock "0:00:01"]

1. a3 d5 2. Nf3 Nf6 3. e3 g6 4. b4 Bg7 5. Bb2 O-O 6. Be2 b6 7. O-O c5 8. bxc5 bxc5 9. c4 d4 10. exd4 Nh5 11. Ne5 Bxe5 12. dxe5 Nc6 13. Bxh5 gxh5 14. Qxh5 Rb8 15. Bc3 Nd4 16. Qg5+ Kh8 17. e6 f6 18. Qxc5 Ne2+ 19. Kh1 Rg8 20. Qe3 Nxc3 21. Nxc3 Rb3 22. Rfb1 Bb7 23. f3 Rxb1+ 24. Rxb1 Bc6 25. d4 Qa5 26. d5 Be8 27. Ne4 Bg6 28. h4 Qc7 29. d6 exd6 30. Qd4 Rf8 31. Nxf6 Qg7 32. e7 Qxe7 33. Nd5+ Qe5 34. Qxe5+ dxe5 35. Rb7 e4 36. fxe4 Bxe4 37. Rxa7 Rf2 38. Ra8+ Kg7 39. Ra7+ Kf8 40. Ne3 Re2 41. Kg1 Rxe3 42. Kf2 Rc3 43. Ra4 Rc2+ 44. Ke3 Bxg2 45. Rb4 Ra2 46. a4 Bc6 47. Kd4 Bxa4 48. Rb7 h5 49. Ke5 Rh2 50. Kf6 Ke8 51. Rb8+ Kd7 52. Kg5 Bd1 53. Rb7+ Kc6 54. Rb5 Rg2+ 55. Kh6 Rh2 56. Rb1 Be2 57. Re1 Bxc4 58. Re4 Bd5 59. Rf4 Kd6 60. Rf5 Ke6 61. Rxh5 Rg2 62. Rg5 Ra2 63. h5 Be4 64. Kg7 Ra7+ 65. Kf8 Kf6 66. Re5 Kxe5 67. h6 Kf6 68. Ke8 Bf5 69. Kd8 Rd7+ 70. Kc8 Rh7+ 71. Kd8 Rxh6 72. Kc7 Rh7+ 73. Kd6 Rd7+ 74. Kc5 Ke5 75. Kc6 Re7 76. Kb6 Be4 77. Kc5 1/2-1/2


[Site "https://www.chess.com"]

[Event "Titled Tuesday Blitz January 31 Late 2023"]
[White "Aung Thant Zin"]
[Black "Danielyan, Vahe"]
[WhiteFideId "13000063"]
[BlackFideId "13304828"]
[WhiteElo "2268"]
[BlackElo "2346"]
[Result "0-1"]
[Round "02"]
[TimeControl "180+2"]
[Date "2023.01.31"]
[WhiteClock "0:02:32"]
[BlackClock "0:02:53"]

1. e4 c6 2. d4 d5 3. Nc3 dxe4 4. Nxe4 Nf6 5. Nxf6+ exf6 6. Nf3 Bd6 7. Be2 Na6 8. Be3 Nc7 9. O-O O-O 10. c4 Bg4 11. Qd2 Re8 12. Rfe1 Qd7 13. Rad1 Rad8 14. h3 Bxh3 15. c5 Qg4 16. g3 Bxg3 0-1


[Site "https://www.chess.com"]

[Event "Titled Tuesday Blitz January 31 Late 2023"]
[White "Bongo Akanga Ndjila, Barthelemy"]
[Black "Kovacs, Klara"]
[WhiteFideId "10609431"]
[BlackFideId "733210"]
[WhiteElo "1824"]
[BlackElo "2121"]
[Result "0-1"]
[Round "02"]
[TimeControl "180+2"]
[Date "2023.01.31"]
[WhiteClock "0:00:15"]
[BlackClock "0:00:18"]

1. d4 e6 2. c4 Nf6 3. Nf3 d5 4. cxd5 exd5 5. Bg5 Be7 6. Nc3 O-O 7. Qc2 h6 8. Bh4 c6 9. e3 Nh5 10. Bxe7 Qxe7 11. Be2 Nd7 12. O-O f5 13. Ne5 Nxe5 14. Bxh5 Ng4 15. Bxg4 fxg4 16. Rae1 Bf5 17. Qe2 Rae8 18. a3 a5 19. Na4 Bc8 20. Rc1 Qh4 21. Qd2 Rf5 22. f3 g3 23. hxg3 Qxg3 24. Qf2 Qg6 25. Nb6 Be6 26. b4 axb4 27. axb4 Rg5 28. Qd2 Rg3 29. Rf2 Bh3 30. Ra1 h5 31. Kh2 Bf5 32. Ra8 Rxa8 33. Nxa8 h4 34. Nb6 h3 35. gxh3 Rxh3# 0-1


[Site "https://www.chess.com"]

[Event "Titled Tuesday Blitz January 31 Late 2023"]
[White "Souza, Gustavo Horokoski De"]
[Black "Forgacs, Attila Jr."]
[WhiteFideId "2146584"]
[BlackFideId "773654"]
[WhiteElo "1943"]
[BlackElo "2264"]
[Result "0-1"]
[Round "02"]
[TimeControl "180+2"]
[Date "2023.01.31"]
[WhiteClock "0:00:08"]
[BlackClock "0:00:03"]

1. d4 Nf6 2. c4 e6 3. Nc3 Bb4 4. e3 c5 5. Ne2 Ne4 6. Qc2 f5 7. a3 Bxc3+ 8. Nxc3 Nxc3 9. Qxc3 cxd4 10. exd4 O-O 11. Bf4 Nc6 12. Be2 d6 13. O-O e5 14. dxe5 dxe5 15. Rad1 Qe7 16. Bc1 Nd4 17. Rfe1 Be6 18. b4 Rac8 19. c5 Rfd8 20. Bf1 Nc6 21. Bb2 e4 22. Bc4 Bxc4 23. Qxc4+ Qf7 24. Qc3 Ne7 25. h3 Nd5 26. Qe5 Nc7 27. Rxd8+ Rxd8 28. Re3 Ne6 29. Rg3 f4 30. Rg4 e3 31. fxe3 fxe3 32. Qxe3 h5 33. Rg3 Rd1+ 34. Kh2 Rd7 35. Be5 Nf8 36. Rxg7+ Qxg7 37. Bxg7 Rxg7 38. Qh6 Nh7 39. Qxh5 Nf6 40. Qe5 Kf7 41. Qc7+ Kg6 42. Qg3+ Kf7 43. Qb3+ Kg6 44. b5 Rd7 45. Qc2+ Kf7 46. c6 Rc7 47. Qb3+ Ke7 48. cxb7 Rxb7 49. Qe3+ Kd6 50. a4 Nd5 51. Qg3+ Kd7 52. Qe5 Nc7 53. Qd5+ Nxd5 54. h4 Nc3 55. g3 Nxa4 56. g4 Rxb5 0-1


[Site "https://www.chess.com"]

[Event "Titled Tuesday Blitz January 31 Late 2023"]
[White "Saya, Ethan"]
[Black "mestrefeitosa19"]
[WhiteFideId "26095181"]
[WhiteElo "2181"]
[BlackElo "2069"]
[Result "1-0"]
[Round "02"]
[TimeControl "180+2"]
[Date "2023.01.31"]
[WhiteClock "0:01:06"]
[BlackClock "0:00:05"]

1. e4 e5 2. Nf3 Nc6 3. Bb5 Nd4 4. Nxd4 exd4 5. O-O Bc5 6. c3 c6 7. Bd3 Nf6 8. e5 Nd5 9. Qg4 g6 10. cxd4 d6 11. Qe4 Bf5 12. Qf3 Bxd4 13. Bxf5 gxf5 14. exd6 Qxd6 15. Re1+ Ne7 16. Qxf5 O-O 17. Qg5+ Ng6 18. Nc3 Rae8 19. Re3 Bxe3 20. dxe3 Qe5 21. e4 Qxg5 22. Bxg5 Re5 23. Be3 b6 24. Rd1 Rfe8 25. Rd7 R5e7 26. Rd2 Ne5 27. b3 Ng4 28. Bg5 Re5 29. f4 R5e6 30. h3 h6 31. Bh4 Nf6 32. e5 Nh5 33. g3 Rg6 34. Kf2 Kh7 35. Rd7 Rg7 36. Ne4 Reg8 37. Nf6+ Nxf6 38. exf6 Rg6 39. Rxf7+ Kh8 40. Rxa7 Rd8 41. f7 Rf8 42. Kf3 Kg7 43. Rb7 b5 44. g4 Rxf7 45. Rxf7+ Kxf7 46. f5 Rd6 47. Ke3 Rd5 48. Bg3 h5 49. Bf4 hxg4 50. hxg4 c5 51. Ke4 Rd4+ 52. Ke5 Rd1 53. g5 Re1+ 54. Kd5 c4 55. Be5 cxb3 56. axb3 Rb1 57. g6+ Kg8 58. f6 Rf1 59. f7+ Kf8 60. Bd6+ Kg7 61. f8=Q+ Rxf8 62. Bxf8+ Kxf8 63. Kc5 Kg7 64. Kxb5 Kxg6 65. Kc6 Kf6 66. b4 Ke6 67. b5 1-0


[Site "https://www.chess.com"]

[Event "Titled Tuesday Blitz January 31 Late 2023"]
[White "Dzierzak, Radoslaw"]
[Black "kiwibobo"]
[WhiteFideId "1161407"]
[WhiteElo "2220"]
[BlackElo "2087"]
[Result "1-0"]
[Round "02"]
[TimeControl "180+2"]
[Date "2023.01.31"]
[WhiteClock "0:00:43"]
[BlackClock "0:00:07"]

1. e4 e5 2. Nf3 Nc6 3. Bc4 Nf6 4. d3 Bc5 5. O-O d6 6. c3 a6 7. Bb3 Ba7 8. Re1 h6 9. Nbd2 O-O 10. h3 Re8 11. Nf1 Be6 12. Bc2 d5 13. Ng3 d4 14. c4 Nb4 15. a3 Nxc2 16. Qxc2 Nd7 17. b4 a5 18. Bd2 axb4 19. axb4 c5 20. b5 Bb6 21. Rxa8 Qxa8 22. Qb2 Qd8 23. Ra1 Qc7 24. Ra3 f6 25. Qa1 Nf8 26. Ra8 Rxa8 27. Qxa8 Qc8 28. Qa3 Ng6 29. Kh2 Ne7 30. Ne2 g5 31. Nc1 Ng6 32. Nb3 Nf4 33. Bxf4 gxf4 34. Qa1 Kf7 35. Nh4 Qd8 36. Qd1 Qe8 37. Qh5+ Ke7 38. Qxh6 Qf7 39. Ng6+ Kd6 40. Nd2 Kc7 41. Nf8 Bc8 42. Nh7 f5 43. Nf6 Be6 44. exf5 Bxf5 45. Nd5+ Kb8 46. Qxb6 Bxd3 47. Qd8+ Ka7 48. b6+ Ka6 49. Qa8# 1-0


[Site "https://www.chess.com"]

[Event "Titled Tuesday Blitz January 31 Late 2023"]
[White "Levine, David"]
[Black "Necromon"]
[WhiteFideId "2011611"]
[WhiteElo "2040"]
[BlackElo "2420"]
[Result "0-1"]
[Round "02"]
[TimeControl "180+2"]
[Date "2023.01.31"]
[WhiteClock "0:00:41"]
[BlackClock "0:02:07"]

1. d4 d5 2. c4 c6 3. Nf3 Nf6 4. Nc3 e6 5. g3 Be7 6. Bg2 O-O 7. O-O Nbd7 8. Qd3 Rb8 9. e4 dxe4 10. Nxe4 Nxe4 11. Qxe4 Nf6 12. Qc2 c5 13. Rd1 Qb6 14. b3 cxd4 15. Nxd4 Rd8 16. Bf4 Ra8 17. Nf3 Bd7 18. Ne5 Be8 19. h3 Rxd1+ 20. Rxd1 Rd8 21. Rxd8 Bxd8 22. c5 Qa5 23. c6 bxc6 24. Nxc6 Qe1+ 25. Kh2 Bb6 26. Ne7+ Kh8 27. Nc8 Bxf2 28. Nd6 Qg1# 0-1


[Site "https://www.chess.com"]

[Event "Titled Tuesday Blitz January 31 Late 2023"]
[White "Altun, Arda"]
[Black "Vargas, Mauricio"]
[WhiteFideId "34511580"]
[BlackFideId "4404572"]
[WhiteElo "2218"]
[BlackElo "2035"]
[Result "1-0"]
[Round "02"]
[TimeControl "180+2"]
[Date "2023.01.31"]
[WhiteClock "0:02:36"]
[BlackClock "0:01:13"]

1. e4 c5 2. Nf3 d6 3. g3 g6 4. Bg2 Nf6 5. d3 Bg7 6. O-O Nc6 7. Re1 O-O 8. c3 e5 9. a3 a5 10. a4 Rb8 11. Na3 Ng4 12. h3 Nf6 13. Be3 Bd7 14. Nb5 d5 15. Bxc5 b6 16. Bxf8 Bxf8 17. exd5 Nxd5 18. Nxe5 Be6 19. Nxc6 1-0


[Site "https://www.chess.com"]

[Event "Titled Tuesday Blitz January 31 Late 2023"]
[White "Battlecruiser_Operational"]
[Black "Desideri, Ricardo Maruchi"]
[BlackFideId "2110440"]
[WhiteElo "2419"]
[BlackElo "1959"]
[Result "1-0"]
[Round "02"]
[TimeControl "180+2"]
[Date "2023.01.31"]
[WhiteClock "0:00:13"]
[BlackClock "0:00:02"]

1. d4 Nf6 2. Nf3 g6 3. g3 Bg7 4. Bg2 O-O 5. O-O c5 6. d5 d6 7. Nc3 e6 8. dxe6 Bxe6 9. Ng5 Nc6 10. Nxe6 fxe6 11. e4 a6 12. a4 Qc7 13. Bf4 Rad8 14. Qd2 Rf7 15. Rad1 Rfd7 16. h4 Nd4 17. Ne2 Nh5 18. Bg5 Rc8 19. c3 Nxe2+ 20. Qxe2 h6 21. Be3 Nf6 22. Bf4 e5 23. Be3 Kh7 24. Bh3 Nxe4 25. Bxd7 Qxd7 26. Bxh6 Nxc3 27. bxc3 Bxh6 28. Qxe5 Qxa4 29. Qe7+ Bg7 30. Rxd6 Qc4 31. Rd7 Qxc3 32. Rxb7 Rg8 33. Rd1 a5 34. Rdd7 a4 35. Qg5 a3 36. Ra7 Qb2 37. h5 gxh5 38. Qxh5# 1-0


[Site "https://www.chess.com"]

[Event "Titled Tuesday Blitz January 31 Late 2023"]
[White "Nakamura, Hikaru"]
[Black "Borges Feria, Yasel"]
[WhiteFideId "2016192"]
[BlackFideId "3504921"]
[WhiteElo "2775"]
[BlackElo "2439"]
[Result "1-0"]
[Round "03"]
[TimeControl "180+2"]
[Date "2023.01.31"]
[WhiteClock "0:00:18"]
[BlackClock "0:00:16"]

1. Nf3 Nf6 2. e3 c6 3. c4 d5 4. d4 a6 5. Bd3 e6 6. Nbd2 Nbd7 7. e4 dxe4 8. Nxe4 Nxe4 9. Bxe4 Nf6 10. Bc2 Bb4+ 11. Ke2 O-O 12. Qd3 Be7 13. Bg5 g6 14. Rad1 b5 15. b3 Bb7 16. Rhe1 bxc4 17. bxc4 c5 18. dxc5 Qc7 19. Kf1 Qxc5 20. Ne5 Rad8 21. Qe2 Nh5 22. Bxe7 Qxe7 23. Qe3 Rxd1 24. Bxd1 Rd8 25. Bxh5 gxh5 26. Kg1 a5 27. Rb1 Ba8 28. h3 Qf6 29. c5 Bd5 30. c6 Rc8 31. c7 Qe7 32. Rc1 f6 33. Qg3+ Kh8 34. Nd3 e5 35. Qh4 Kg7 36. Rc5 Bf7 37. Rxe5 Qd6 38. Re3 Rxc7 39. Nf4 Re7 40. Qg3+ Kf8 41. Ng6+ hxg6 42. Qxd6 1-0


[Site "https://www.chess.com"]

[Event "Titled Tuesday Blitz January 31 Late 2023"]
[White "So, Wesley"]
[Black "Yanchenko, Roman"]
[WhiteFideId "5202213"]
[BlackFideId "4137329"]
[WhiteElo "2760"]
[BlackElo "2466"]
[Result "0-1"]
[Round "03"]
[TimeControl "180+2"]
[Date "2023.01.31"]
[WhiteClock "0:00:37"]
[BlackClock "0:00:44"]

1. e4 e6 2. d4 d5 3. Nc3 Bb4 4. e5 Ne7 5. a3 Bxc3+ 6. bxc3 b6 7. Qg4 Kf8 8. h4 Ba6 9. Bxa6 Nxa6 10. h5 h6 11. Ne2 c5 12. O-O Kg8 13. a4 Rc8 14. Ng3 cxd4 15. cxd4 Nb4 16. c3 Rxc3 17. Bd2 Rc4 18. Bxb4 Rxb4 19. Rfb1 Rxb1+ 20. Rxb1 Kh7 21. a5 Qd7 22. Qf3 Nf5 23. Nxf5 exf5 24. axb6 Rb8 25. b7 a5 26. Qb3 a4 27. Qb4 a3 28. Qxa3 Rxb7 29. Rxb7 Qxb7 30. Qd3 Qc8 31. g4 g6 32. hxg6+ Kxg6 33. Kg2 Kg5 34. Qd2+ f4 35. f3 Qc4 36. Qf2 Qc1 37. Kh3 Qh1+ 38. Qh2 Qxf3+ 39. Qg3 Qxg3# 0-1


[Site "https://www.chess.com"]

[Event "Titled Tuesday Blitz January 31 Late 2023"]
[White "Tactrics"]
[Black "Yu, Yangyi"]
[BlackFideId "8603820"]
[WhiteElo "2794"]
[BlackElo "2729"]
[Result "0-1"]
[Round "03"]
[TimeControl "180+2"]
[Date "2023.01.31"]
[WhiteClock "0:00:08"]
[BlackClock "0:00:06"]

1. e4 c5 2. Nf3 Nc6 3. Bb5 e6 4. Bxc6 bxc6 5. O-O Qc7 6. Re1 Ne7 7. c3 Ng6 8. d4 d5 9. Nbd2 cxd4 10. Nxd4 Be7 11. c4 e5 12. Nf5 O-O 13. Nxe7+ Qxe7 14. cxd5 cxd5 15. exd5 Bb7 16. Nc4 Rfd8 17. d6 Qe6 18. b3 Bd5 19. Qe2 Bxc4 20. Qxc4 Qxc4 21. bxc4 Rxd6 22. Be3 Rc6 23. Rec1 Ne7 24. f3 Nf5 25. Bf2 h5 26. a4 a6 27. Rab1 Rac8 28. c5 f6 29. Rd1 Nd4 30. Bxd4 exd4 31. Rxd4 Rxc5 32. Rb7 Rc1+ 33. Kf2 R8c2+ 34. Ke3 Re1+ 35. Kf4 Rxg2 36. Rd6 Rxh2 37. Rxa6 Rg2 38. Ra5 h4 39. Rh5 Re8 40. a5 Ra8 41. Ke3 Re8+ 42. Kd3 Rg3 43. Rxh4 Rxf3+ 44. Kc4 Ra3 45. Kb4 Ra1 46. Rb6 Ra8 47. Rh5 Rb1+ 48. Kc4 Rxa5 49. Rxb1 Rxh5 50. Rb8+ Kh7 51. Kd4 Rh4+ 52. Kd3 Rh5 53. Ke3 Kg6 54. Kf3 Re5 55. Kg4 Rg5+ 56. Kf4 Rf5+ 57. Kg4 Rh5 58. Rb6 Rg5+ 59. Kf4 Re5 60. Kg4 Kh6 61. Rb8 Re4+ 62. Kf5 Re5+ 63. Kg4 Ra5 64. Rb6 Kg6 65. Rc6 Ra4+ 66. Kg3 Kg5 67. Rc7 g6 68. Kf3 Ra3+ 69. Rc3 Rxc3+ 0-1


[Site "https://www.chess.com"]